 Dungeon Crawl Stone Soup version 0.28.0-53-g5a82cb258f (webtiles) character file.

Game seed: 5181937617376165581

448 boopmooplesden the Covered (level 6, 0/53 HPs)
             Began as a Minotaur Fighter on June 28, 2022.
             Succumbed to Robin's poison
             ... on level 4 of the Dungeon.
             The game lasted 00:04:14 (3628 turns).

boopmooplesden the Covered (Minotaur Fighter)       Turns: 3628, Time: 00:04:15

Health: 0/53       AC: 11    Str: 23    XL:     6   Next: 73%
Magic:  5/5        EV:  8    Int:  5    God:
Gold:   87         SH:  5    Dex: 11    Spells: 5/5 levels left

rFire   . . .      SeeInvis .   a - +0 long sword
rCold   . . .      Faith    .   c - +0 buckler
rNeg    . . .      Spirit   .   f - +1 chain mail
rPois   .          Reflect  .   (helmet restricted)
rElec   +          Harm     .   (no cloak)
rCorr   .          Rampage  .   (no gloves)
Will    .....                   (no boots)
Stlth   ..........              (no amulet)
HPRegen 0.17/turn               (no ring)
MPRegen 0.09/turn               (no ring)

@: lethally poisoned (0 -> -2)
A: horns 2, retaliatory headbutt, electricity resistance, strong 1
a: no special abilities


You were on level 4 of the Dungeon.
You visited 1 branch of the dungeon, and saw 4 of its levels.

You collected 87 gold pieces.

Inventory:

Hand Weapons
 a - a +0 long sword (weapon)
Missiles
 d - 70 sling bullets
Armour
 b - a +0 scale mail
 c - a +0 buckler (worn)
 f - a +1 chain mail (worn)
Wands
 g - a wand of iceblast (9)
Potions
 e - a potion of flight {unknown}
 h - a potion of mutation
 j - a potion of haste
 m - a potion of lignification {unknown}


   Skills:
 + Level 4.5 Fighting
 + Level 5.6 Long Blades
 + Level 6.2 Armour
 + Level 1.1 Dodging
 + Level 4.6 Shields


You had 5 spell levels left.
You didn't know any spells.
Your spell library contained the following spells:

 Spells                   Type           Power      Damage    Failure   Level
 Animate Skeleton         Necr           0%         N/A       99%         1
 Apportation              Tloc           0%         N/A       99%         1
 Sting                    Tmut/Pois      0%         1d3       99%         1
 Summon Small Mammal      Summ           0%         N/A       99%         1
 Poisonous Vapours        Pois/Air       0%         N/A       100%        2
 Frozen Ramparts          Ice            0%         1d2       100%        3
 Ice Form                 Ice/Tmut       0%         N/A       100%        4
 Olgreb's Toxic Radiance  Pois           0%         N/A       100%        4
 Summon Ice Beast         Ice/Summ       0%         N/A       100%        4
 Dispersal                Tloc           0%         N/A       100%        6
 Disjunction              Tloc           0%         N/A       100%        8


Dungeon Overview and Level Annotations

Branches:
Dungeon (4/15)
 Temple: D:4-7

Altars:
Kikubaaqudgha

Annotations:
D:4 Robin


Innate Abilities, Weirdness & Mutations

You have a pair of horns on your head.
You reflexively headbutt those who attack you in melee.
You are resistant to electric shocks. (rElec)
Your muscles are strong. (Str +2)


Message History

Robin barely misses you. The goblin hits you but does no damage.
It was a potion of curing.
You feel better. You block the goblin's attack.
The goblin hits you but does no damage. Robin barely misses you.
The goblin closely misses you. The goblin closely misses you.
Robin barely misses you. The goblin hits you but does no damage.
You barely miss the goblin.
You headbutt the goblin, but do no damage.
The goblin hits you but does no damage.
Robin hits you from afar with a +2 spear of venom.
* * * LOW HITPOINT WARNING * * *
You are poisoned.
You block the goblin's attack. The goblin hits you with a +0 club.
* * * LOW HITPOINT WARNING * * *
* * * LOW HITPOINT WARNING * * *
You feel sick. You block the goblin's attack.
The goblin hits you but does no damage.
You feel better.
The goblin closely misses you. x2; You furiously retaliate!
You headbutt the goblin, but do no damage.
Robin hits you from afar with a +2 spear of venom.
* * * LOW HITPOINT WARNING * * *
You are poisoned.
The goblin barely misses you.
You feel sick.
The goblin no longer looks unusually strong. x2
The goblin hits you but does no damage.
Robin roars a battlecry!
The goblins go into a battle-frenzy!
You feel sick.
The orc hits you from afar with a +0 trident.
* * * LOW HITPOINT WARNING * * *
You feel sick. Robin throws the goblin at you!
The goblin hits you with a +0 club.
* * * LOW HITPOINT WARNING * * *
The orc hits you from afar with a +0 trident.
* * * LOW HITPOINT WARNING * * *
The goblin hits you but does no damage.
You hit the goblin.
You kill the goblin!
You die...

###### #....#####
#.......#....'...#
#.#.....#....#>..#
#.......#...)#####
#.#.....#....@g..#
#.#.....#'###.g..#
#.#.....#...#wgo.#
#.#.....#...#o)..#
#.#.###.#...##†### o
#......g.o.......#
.wg###'#...###......#
....)..g###...###...#
..og.###.........####


You could see Robin, an orc priest, a dart slug, an orc and 2 goblins.

Vanquished Creatures
  Grinder (D:3)
  Ijyb (D:4)
  Natasha (thrice) (D:3)
  6 adders
  A white imp (D:3)
  2 worms
  A dart slug (D:2)
  7 orcs
  8 ball pythons
  3 bats
  6 endoplasms
  A giant cockroach (D:2)
  15 goblins
  8 hobgoblins
  4 jackals (D:1)
  6 kobolds
  3 quokkas
  3 frilled lizards
  4 rats
83 creatures vanquished.

Vanquished Creatures (others)
  2 withered plants (D:3)
2 creatures vanquished.

Grand Total: 85 creatures vanquished

Notes
Turn   | Place    | Note
-------+----------+-------------------------------------------
     0 | D:1      | boopmooplesden the Minotaur Fighter began the quest for the
                  | Orb.
     0 | D:1      | Reached XP level 1. HP: 19/19 MP: 0/0
   104 | D:1      | Reached XP level 2. HP: 27/27 MP: 1/1
   119 | D:1      | Reached skill level 4 in Armour
   367 | D:1      | Found a faded altar of an unknown god.
  1089 | D:2      | Reached XP level 3. HP: 31/33 MP: 2/2
  1409 | D:2      | Reached XP level 4. HP: 34/40 MP: 3/3
  2083 | D:3      | Noticed Grinder
  2097 | D:3      | Paralysed by Grinder for 7 turns
  2104 | D:3      | HP: 2/40 [Grinder (6)]
  2106 | D:3      | Killed Grinder
  2107 | D:3      | Reached skill level 5 in Long Blades
  2107 | D:3      | Reached skill level 5 in Armour
  2107 | D:3      | Reached skill level 1 in Dodging
  2107 | D:3      | Reached XP level 5. HP: 3/47 MP: 4/4
  2107 | D:3      | Reached XP level 6. HP: 3/53 MP: 5/5
  2452 | D:3      | Found an ancient bone altar of Kikubaaqudgha.
  2522 | D:3      | Noticed Natasha
  2529 | D:3      | Killed Natasha
  2686 | D:3      | Noticed Natasha
  2699 | D:3      | Killed Natasha
  2909 | D:3      | Noticed Natasha
  2917 | D:3      | Killed Natasha
  2918 | D:3      | Reached skill level 6 in Armour
  3514 | D:4      | Noticed Ijyb
  3524 | D:4      | Killed Ijyb
  3577 | D:4      | Noticed Robin
  3619 | D:4      | Gained mutation: Your muscles are strong. (Str +2) [potion
                  | of mutation]
  3619 | D:4      | Gained mutation: You are resistant to electric shocks.
                  | (rElec) [potion of mutation]
  3619 | D:4      | HP: 2/53 [poisoned by Robin]
  3627 | D:4      | HP: 2/53 [goblin/+0 club[Robin] (5)]
  3628 | D:4      | Succumbed to Robin's poison

Illustrated notes

Levels and vault maps discovered:
D:1:      shiori_arrival_oz, layout_basic, ebering_ecumenical_altar_abandoned
D:2:      layout_basic
D:3:      layout_basic, kiku_gazebo_garden_becter, uniq_grinder, uniq_natasha
D:4:      nicolae_BIG_FREAKIN_CUBE, layout_gridville, kennysheep_mini,
          minmay_crystal_room, minmay_misc_feat_x, nicolae_figureground_pulse,
          uniq_ijyb, uniq_eustachio, uniq_robin, uniq_blork_the_orc

Skill      XL: |  1  2  3  4  5  6 |
---------------+-------------------+-----
Armour         | 4 5 6 |  6.2
Shields        | 4 |  4.6
Fighting       | 4 |  4.5
Long Blades    | 3 5 |  5.6
Dodging        | 1 |  1.1

Action                   |  1- 3 |  4- 6 || total
-------------------------+-------+-------++-------
Melee: Long sword        |    56 |   135 ||   191
       Headbutt          |     9 |    25 ||    34
  Use: Potion            |       |     4 ||     4
       Scroll            |       |     4 ||     4
Armor: Scale mail        |    14 |       ||    14
       Chain mail        |    21 |   135 ||   156
Dodge: Dodged            |    27 |    66 ||    93
Block: Buckler           |    14 |    53 ||    67
